Map: 여명 - 래더 (공허의 유산)

Players

Oct

  • Race: Zerg Zerg
  • League: Master
  • Spawn Location: 1:00

llllllllllll - Winner!

  • Race: Terran Terran
  • League: Master
  • Spawn Location: 7:00

VOD

Have the link to the VOD?

Description

Time

  • Played on: Nov. 29, 2016, 2 a.m.
  • Length: 14:50
Show
View Real Time Build Order
Export as new Build Order

Oct Zerg 

Build Orders: Pool First 

Get SALT Encoding   

  12  0:00  Drone  
  13  0:12  Overlord  
  13  0:17  Drone  
  14  0:30  Drone  
  14  0:31  Drone  
  14  0:35  Drone  
  17  0:46  Spawning Pool  
  17  0:48  Drone  
  17  0:56  Drone  
  18  1:13  Hatchery  
  17  1:32  Hatchery  
  16  1:34  Zergling x2  
  17  1:43  Queen  
  19  1:50  Overlord  
  19  1:55  Drone  
  19  1:58  Drone  
  21  2:02  Drone  
  22  2:13  Drone  
  23  2:19  Queen  
  25  2:23  Drone  
  25  2:26  Queen  
  25  2:29  Drone  
  29  2:34  Drone  
  29  2:36  Drone  
  31  2:41  Extractor  
  31  2:42  Extractor  
  29  2:47  Queen  
  29  2:51  Drone  
  31  2:53  Drone  
  31  2:56  Drone  
  33  3:02  Drone x2  
  35  3:06  Drone  
  35  3:08  Drone  
  35  3:09  Drone  
  38  3:14  Drone  
  38  3:16  Drone  
  40  3:23  Drone  
  40  3:24  Drone  
  40  3:25  Drone, Extractor  
  42  3:31  Metabolic Boost  
  42  3:37  Overlord  
  43  3:42  Overlord  
  43  3:55  Overlord x2  
  43  3:57  Drone x3  
  43  3:58  Drone, Extractor  
  43  3:59  Extractor  
  43  4:01  Drone  
  47  4:02  Drone  
  47  4:04  Drone  
  48  4:12  Evolution Chamber  
  48  4:13  Drone  
  48  4:14  Evolution Chamber  
  48  4:16  Drone  
  43  4:24  Zergling x2  
  43  4:29  Zergling x2  
  43  4:30  Zergling x2  
  40  4:35  Drone  
  40  4:36  Zergling x2, Drone x2  
  38  4:54  Drone x2  
  38  4:58  Drone  
  41  5:11  Zerg Ground Armor Level 1  
  41  5:14  Zerg Melee Weapons Level 1  
  41  5:17  Drone  
  42  5:23  Zergling x4  
  42  5:25  Drone  
  44  5:35  Zergling x8  
  42  5:38  Drone  
  46  5:47  Lair  
  46  5:50  Zergling x2  
  46  5:53  Zergling x2  
  48  5:57  Zergling x2  
  48  6:01  Drone  
  48  6:02  Drone  
  48  6:05  Drone  
  48  6:10  Zergling x2  
  50  6:11  Drone  
  50  6:12  Drone  
  50  6:20  Spore Crawler  
  50  6:23  Spore Crawler  
  43  6:35  Drone  
  43  6:36  Drone  
  43  6:37  Drone x2  
  43  6:46  Zergling x6  
  42  6:49  Drone  
  42  6:53  Drone  
  42  6:56  Drone  
  42  6:59  Zergling x2  
  45  7:01  Zergling x2  
  45  7:03  Zergling x2  
  45  7:07  Drone  
  47  7:10  Zergling x2  
  47  7:14  Zergling x2  
  47  7:15  Zergling x2  
  48  7:26  Zergling x10  
  48  7:29  Drone  
  54  7:30  Drone  
  54  7:34  Drone  
  54  7:35  Drone  
  54  7:37  Drone  
  58  7:46  Spire  
  58  7:50  Drone x2  
  58  7:57  Drone x2  
  58  7:58  Drone  
  61  8:00  Drone  
  61  8:03  Drone  
  61  8:04  Drone  
  64  8:07  Drone  
  64  8:09  Drone  
  65  8:23  Drone  
  65  8:25  Drone x6  
  65  8:26  Spore Crawler  
  71  8:32  Drone x2  
  73  8:35  Overlord  
  73  8:39  Spine Crawler, Overlord  
  72  8:43  Overlord  
  72  8:46  Overlord  
  72  8:49  Pneumatized Carapace  
  72  9:03  Mutalisk x5  
  72  9:06  Mutalisk  
  72  9:07  Mutalisk  
  86  9:10  Mutalisk  
  86  9:13  Mutalisk  
  86  9:15  Mutalisk  
  92  9:17  Drone  
  92  9:18  Drone  
  92  9:21  Mutalisk  
  92  9:23  Mutalisk  
  98  9:25  Overseer  
  98  9:28  Mutalisk  
  98  9:30  Mutalisk  
  102  9:31  Mutalisk  
  102  9:34  Drone  
  102  9:35  Drone  
  106  9:42  Overlord x3  
  105  9:48  Mutalisk x2  
  104  9:53  Mutalisk  
  105  10:02  Mutalisk x3  
  105  10:05  Drone x2  
  113  10:13  Drone  
  114  10:19  Mutalisk x5  
  119  10:21  Drone  
  119  10:27  Mutalisk  
  108  10:32  Drone, Queen, Extractor  
  108  10:33  Drone x3, Extractor  
  108  10:40  Zerg Flyer Armor Level 1  
  108  10:43  Drone x6  
  108  10:49  Mutalisk  
  114  10:56  Drone, Overlord  
  117  11:01  Hatchery  
  117  11:03  Zergling x2  
  117  11:06  Overlord  
  115  11:18  Mutalisk  
  115  11:19  Mutalisk x3, Overlord  
  115  11:20  Hatchery  
  115  11:24  Zergling x6  
  121  11:33  Mutalisk x3  
  121  11:35  Zergling x8  
  121  11:38  Overlord  
  131  11:46  Infestation Pit  
  130  11:54  Zergling x2  
  131  12:04  Drone x7  
  138  12:13  Overseer  
  138  12:17  Overlord  
  138  12:18  Zergling x2  
  138  12:19  Zergling x4  
  137  12:26  Zergling x12  
  137  12:27  Zergling x2  
  137  12:28  Mutalisk  
  140  12:30  Mutalisk, Queen  
  140  12:31  Mutalisk x3  
  140  12:34  Zerg Flyer Weapons Level 1  
  140  12:36  Extractor  
  145  12:38  Extractor  
  145  12:39  Mutalisk  
  145  12:40  Mutalisk  
  145  12:41  Zergling x2  
  145  12:42  Mutalisk  
  145  12:44  Mutalisk  
  147  13:00  Mutalisk x2  
  147  13:05  Zergling x24  
  165  13:07  Overseer  
  165  13:08  Overseer  
  159  13:14  Mutalisk  
  159  13:19  Zergling x12  
  140  13:23  Mutalisk  
  140  13:24  Mutalisk  
  140  13:25  Overseer  
  140  13:26  Overseer  
  141  13:29  Zergling x2  
  141  13:30  Zergling x6  
  139  13:42  Mutalisk x2  
  134  13:49  Mutalisk x3  
  134  13:52  Mutalisk  
  118  13:58  Mutalisk  
  118  14:00  Zergling x6  
  118  14:01  Zergling x12  
  121  14:04  Mutalisk  
  121  14:07  Mutalisk  
  124  14:16  Mutalisk  
  120  14:17  Mutalisk  
  120  14:20  Mutalisk  
  123  14:27  Zergling x2  
  123  14:28  Zergling x4  
Show
View Real Time Build Order
Export as new Build Order

llllllllllll Terran - Winner!

Build Orders: Reaper Expand, Hellion Banshee 

Get SALT Encoding   

  12  0:01  SCV  
  13  0:13  SCV  
  14  0:18  Supply Depot  
  14  0:25  SCV  
  15  0:40  SCV  
  15  0:41  Barracks  
  16  0:46  Refinery  
  16  0:52  SCV  
  17  1:04  SCV  
  18  1:16  SCV  
  19  1:29  Reaper, Orbital Command  
  20  1:42  Command Center  
  20  1:48  Refinery  
  20  1:56  Supply Depot  
  20  1:58  SCV  
  21  2:10  SCV  
  22  2:20  Factory  
  22  2:22  SCV  
  23  2:23  Barracks Reactor  
  23  2:34  SCV  
  24  2:46  SCV  
  24  2:58  SCV  
  25  3:06  Starport  
  25  3:07  Barracks Tech Lab  
  25  3:10  SCV  
  25  3:12  Hellion x2  
  30  3:20  Orbital Command  
  30  3:23  SCV  
  31  3:33  Hellion x2  
  35  3:35  SCV  
  36  3:46  SCV  
  36  3:47  SCV  
  38  3:58  SCV  
  38  3:59  SCV, Hyperflight Rotors, Banshee  
  45  4:04  Supply Depot  
  45  4:08  Supply Depot  
  43  4:10  SCV  
  43  4:11  SCV  
  46  4:17  Hellion  
  46  4:26  SCV x2, Hellion  
  50  4:38  SCV x2, Hellion  
  54  4:42  Banshee  
  53  4:47  Hellion  
  53  4:50  SCV  
  53  4:51  SCV  
  57  4:57  Command Center  
  57  4:59  Supply Depot  
  55  5:00  Hellion  
  55  5:02  SCV, Refinery  
  55  5:03  SCV, Refinery  
  57  5:14  Supply Depot, SCV  
  57  5:15  Supply Depot, SCV  
  57  5:21  Barracks Tech Lab  
  59  5:25  Supply Depot, Factory  
  59  5:26  SCV  
  60  5:30  SCV  
  61  5:36  Hellion x2  
  61  5:38  SCV  
  61  5:39  Supply Depot  
  61  5:42  Supply Depot, SCV  
  65  5:49  Banshee  
  68  5:51  SCV  
  68  5:54  SCV  
  70  6:03  SCV  
  71  6:06  SCV, Hellion  
  71  6:07  Hellion  
  77  6:12  Armory, Orbital Command  
  77  6:13  Engineering Bay  
  77  6:15  SCV  
  77  6:21  SCV  
  78  6:27  SCV  
  79  6:34  SCV  
  79  6:37  SCV  
  78  6:42  SCV  
  78  6:46  SCV  
  76  6:47  Barracks Tech Lab  
  76  6:49  Starport, SCV  
  73  7:00  Supply Depot  
  73  7:01  Supply Depot, Refinery  
  73  7:02  Command Center  
  73  7:03  Refinery  
  73  7:04  Supply Depot  
  73  7:07  SCV x2  
  75  7:15  Siege Tank  
  78  7:16  Raven, Hellion x2  
  78  7:18  Terran Vehicle And Ship Armor Level 1  
  84  7:23  SCV x2  
  84  7:24  SCV  
  85  7:35  SCV  
  86  7:43  Supply Depot  
  85  7:44  SCV x2  
  85  7:47  SCV  
  87  7:55  Siege Tank  
  87  7:56  Raven, Hellion x2  
  96  7:59  Corvid Reactor, Raven  
  96  8:05  Armory  
  98  8:09  Supply Depot  
  98  8:18  Command Center, Missile Turret  
  98  8:22  Missile Turret x2  
  98  8:23  Planetary Fortress  
  98  8:24  Missile Turret  
  98  8:28  SCV x3  
  98  8:30  Missile Turret x2  
  101  8:39  Raven  
  103  8:42  Raven  
  103  8:46  Starport x2  
  103  8:47  Starport  
  105  9:14  Missile Turret  
  105  9:16  Missile Turret  
  105  9:17  Missile Turret  
  105  9:18  Siege Tank  
  105  9:19  Hellion x2  
  105  9:22  Raven  
  114  9:24  Raven  
  114  9:27  Missile Turret  
  114  9:28  Missile Turret  
  116  9:31  Starport Tech Lab  
  116  9:32  Starport Reactor, Starport Tech Lab  
  116  9:33  Terran Vehicle And Ship Armor Level 2  
  116  9:34  Terran Ship Weapons Level 1  
  116  9:39  Missile Turret  
  116  9:42  Orbital Command  
  116  9:56  Missile Turret  
  116  10:01  Viking, Raven  
  116  10:05  Viking, Refinery  
  122  10:09  Refinery, Missile Turret  
  114  10:24  Command Center  
  114  10:25  Missile Turret  
  114  10:35  Raven  
  114  10:36  Raven x2  
  114  10:37  Hellion x2  
  114  10:38  Hellion  
  126  10:47  Sensor Tower  
  126  10:57  Viking x3  
  126  10:59  Hellion  
  126  11:01  Missile Turret  
  134  11:05  Missile Turret  
  134  11:08  Missile Turret  
  134  11:11  Missile Turret  
  134  11:13  Missile Turret  
  134  11:14  Missile Turret  
  134  11:18  Viking  
  133  11:31  Viking  
  133  11:32  Viking x3  
  141  11:36  Missile Turret x2  
  141  11:38  Terran Ship Weapons Level 2, Missile Turret  
  141  11:39  Viking  
  143  11:40  Missile Turret  
  143  11:41  Planetary Fortress  
  143  11:48  Viking  
  145  11:57  Hellion  
  145  11:58  Hellion, Missile Turret  
  145  11:59  Missile Turret  
  155  12:04  SCV x4  
  159  12:14  Raven  
  155  12:34  Command Center  
  155  12:35  Missile Turret  
  153  12:40  Raven x2, Missile Turret  
  157  12:52  Starport Tech Lab  
  157  12:53  Missile Turret x2  
  157  12:55  Missile Turret  
  157  12:57  Raven  
  159  12:58  Missile Turret  
  159  12:59  Missile Turret  
  159  13:00  Missile Turret  
  159  13:03  Cloaking Field  
  159  13:19  Raven  
  159  13:20  Viking  
  159  13:23  Raven  
  163  13:32  Raven  
  163  13:33  Viking  
  167  13:37  Missile Turret  
  167  13:40  Raven  
  167  13:46  Missile Turret  
  148  14:02  Raven  
  148  14:03  Viking  
  148  14:06  Raven  
  148  14:08  Missile Turret  
  154  14:10  Missile Turret  
  154  14:11  Planetary Fortress  
  148  14:17  Viking x2  
  160  14:29  Command Center  
Tags
 
Add a new tag
Caveats
  • Supply blocks, unpowered buildings, or Contaminate may cause inaccurate times.
  • Supply counts are checked every 10 seconds.